[Event "Late-Titled-Tuesday-Blitz-May-28-2024"]
[Site "Chess.com"]
[Date "2024.05.28"]
[Round "9"]
[White "robertoalejandro10"]
[Black "Onthequiet"]
[Result "0-1"]
[WhiteElo "2472"]
[BlackElo "2448"]
[TimeControl "180+1"]
[EndTime "15:43:36 PDT"]
[Termination "Onthequiet won by resignation"]

1. Nf3 d5 2. c4 e6 3. g3 Nf6 4. b3 Be7 5. Bg2 O-O 6. O-O b6 7. Bb2 Bb7 8. e3 Nbd7 9. Qe2 dxc4 10. bxc4 c5 11. Rd1 Qc7 12. Nc3 a6 13. Rac1 Rac8 14.
h4 h6 15. Nb1 Qb8 16. d4 cxd4 17. exd4 Rfe8 18. Nc3 Rc7 19. d5 exd5 20. Nxd5 Nxd5 21. cxd5 Rxc1 22. Bxc1 Bc5 23. Be3 Bxe3 24. fxe3 Qxg3 25. Qf2 Qxf2+ 26. Kxf2 Nf6 27. d6 Ng4+ 28. Kg3 Nxe3 29. Rd2 Rd8 30. d7 Nxg2 31. Kxg2 Kf8 32. Kg3 Bxf3 33.
Kxf3 Ke7 34. Rb2 b5 35. a4 bxa4 36. Rb6 Rxd7 37. Rxa6 Rd4 38. Kg3 h5 39. Kh3 Rg4 40.
Ra5 g6 41. Ra7+ Ke6 42. Ra6+ Kd5 43. Ra5+ Kc6 44. Ra7 f5 45. Ra8 Kb5 46. Rb8+ Kc4 47. Rc8+ Kb3 48. Rb8+ Rb4 0-1

[Event "Late-Titled-Tuesday-Blitz-May-28-2024"]
[Site "Chess.com"]
[Date "2024.05.28"]
[Round "9"]
[White "simaopdias"]
[Black "northridgehawk"]
[Result "0-1"]
[WhiteElo "2241"]
[BlackElo "2347"]
[TimeControl "180+1"]
[EndTime "15:43:42 PDT"]
[Termination "northridgehawk won by resignation"]

1. e4 e5 2. Nf3 Nc6 3. Bc4 Nf6 4. d3 Bc5 5. c3 d6 6. Nbd2 a6 7. Bb3 Ba7 8. O-O h6 9. Re1 O-O 10. Nf1 Re8 11. h3 Be6 12. N3h2 d5 13. Qf3 d4 14. Ng4 Nxg4 15. hxg4 Bxb3 16. axb3 Qd6 17. g5 hxg5 18. Bxg5 Qe6 19. Nd2 Rad8 20. c4 f6 21. Bh4 Nb4 22. Rec1 g5 23. Bg3 Kg7 24. Ra4 Bc5 25. Nf1 Rh8 26.
Bh2 Rh4 27. Bg3 Rh6 28. Nh2 Rdh8 29. Rd1 Kf7 30. Qf5 Qxf5 31. exf5 Ke7 32. f3 Kd6 33. Ra5 b6 34. Raa1 Nc2 35. Rac1 Ne3 36. Re1 Nxf5 37.
Ng4 Nxg3 38. Nxh6 Rxh6 39. Kf2 Nf5 40. Rh1 Rg6 41. Rh8 Ne3 42. Rd8+ Ke7 43. Ra8 a5 44. Rh1 g4 45. Rh7+ Kd6 46. Rc8 gxf3 47. Kxf3 Rxg2 48. Rcxc7 Rxb2 49. Rhe7 Ba3 50. c5+ Bxc5 51. Red7+ Ke6 52.
Rh7 Rxb3 53. Rc6+ Bd6 54. Rh8 Nd5 55. Re8+ Ne7 56. Rd8 Nxc6 0-1

[Event "Late-Titled-Tuesday-Blitz-May-28-2024"]
[Site "Chess.com"]
[Date "2024.05.28"]
[Round "9"]
[White "Connectedcloud"]
[Black "Veleamater"]
[Result "1-0"]
[WhiteElo "2248"]
[BlackElo "2439"]
[TimeControl "180+1"]
[EndTime "15:43:43 PDT"]
[Termination "Connectedcloud won by resignation"]

1. e4 d6 2. d4 g6 3. Nc3 Bg7 4. Nf3 Nf6 5. Be2 O-O 6. O-O Nc6 7.
d5 Ne5 8. Nxe5 dxe5 9. Be3 h6 10. h3 Ne8 11. Qd2 Kh7 12. Rad1 f5 13. exf5 gxf5 14.
f4 e4 15. Bd4 Rg8 16. Kh1 Nd6 17. Qe3 a6 18. Bh5 Qf8 19. Ne2 Bf6 20. Rf2 Qg7 21. b3 Bd7 22. c4 b6 23. Rc1 Be8 24. Bxe8 Nxe8 25. Rg1 h5 26. g3 Qh6 27. Bxf6 Nxf6 28. Nd4 Qg6 29. Rfg2 a5 30. Nc6 Rg7 31. Ne5 Qh6 32.
a3 Rag8 33. b4 axb4 34. axb4 h4 35. g4 fxg4 36. hxg4 h3 37. Rg3 h2 38. R1g2 Kh8 39. Rxh2 Rh7 40. Rxh6 Rxh6+ 41. Rh3 Rxh3+ 42. Qxh3+ Kg7 43.
g5 1-0

[Event "Late-Titled-Tuesday-Blitz-May-28-2024"]
[Site "Chess.com"]
[Date "2024.05.28"]
[Round "9"]
[White "andrew-blr"]
[Black "temus_galaktionov"]
[Result "0-1"]
[WhiteElo "2637"]
[BlackElo "2871"]
[TimeControl "180+1"]
[EndTime "15:43:47 PDT"]
[Termination "temus_galaktionov won by checkmate"]

1. d4 c6 2. c4 d6 3. e4 g6 4. Nc3 Bg7 5. h3 Nd7 6. Nf3 e5 7. Be3 Ngf6 8. Be2 Qe7 9. d5 c5 10.
g4 a6 11. Nd2 h5 12. g5 Nh7 13. h4 f6 14. Rg1 fxg5 15. hxg5 Nhf8 16. Bf1 Kd8 17.
Bh3 Nb6 18. Bxc8 Nxc8 19. Qf3 Na7 20. a3 b5 21. b4 Nd7 22. bxc5 dxc5 23. Qe2 Rb8 24.
Rb1 Qd6 25. cxb5 axb5 26. Nxb5 Qa6 27. Nxa7 Rxb1+ 28. Nxb1 Qxa7 29. Qb5 Ke7 30. Qc6 Rb8 31. Nd2 Rb6 32. d6+ Ke8 33. Qd5 Bf8 34. Qe6+ Kd8 35.
Nc4 Rb1+ 36. Ke2 Rxg1 37. Qxg6 Qa4 38. Qe6 Qd1# 0-1

[Event "Late-Titled-Tuesday-Blitz-May-28-2024"]
[Site "Chess.com"]
[Date "2024.05.28"]
[Round "9"]
[White "Denmark2015"]
[Black "Viktor_Poddubnyi"]
[Result "1-0"]
[WhiteElo "2557"]
[BlackElo "2321"]
[TimeControl "180+1"]
[EndTime "15:43:51 PDT"]
[Termination "Denmark2015 won on time"]

1. d4 g6 2. c4 Bg7 3. e4 Nc6 4. d5 Nd4 5. Ne2 c5 6. dxc6 dxc6 7. Nbc3 e5 8. Be3 Be6 9. Ng3 Qc7 10. Qa4 Ne7 11. Rc1 O-O 12. Be2 f5 13. exf5 gxf5 14.
Nh5 Bh8 15. Bh6 Rfe8 16. O-O Ng6 17. Rfe1 Nxe2+ 18. Nxe2 Qf7 19. f4 e4 20. Neg3 Red8 21. Qc2 Rd3 22. Bg5 Re8 23. b3 Qd7 24. Rcd1 1-0

[Event "Late-Titled-Tuesday-Blitz-May-28-2024"]
[Site "Chess.com"]
[Date "2024.05.28"]
[Round "9"]
[White "dealshark"]
[Black "carloseduar100"]
[Result "1/2-1/2"]
[WhiteElo "2424"]
[BlackElo "2305"]
[TimeControl "180+1"]
[EndTime "15:43:53 PDT"]
[Termination "Game drawn by repetition"]

1. e4 e6 2. d4 d5 3. Bd3 dxe4 4. Bxe4 Nf6 5. Bf3 c5 6. Ne2 Nbd7 7. Be3 Be7 8. O-O O-O 9. Nbc3 a6 10. Qd2 cxd4 11.
Nxd4 Ne5 12. Be2 Qc7 13. Rad1 Nc4 14. Bxc4 Qxc4 15. b3 Qc7 16. Qd3 e5 17. Nde2 Be6 18. Ne4 Rfd8 19. Nxf6+ Bxf6 20. Qe4 g6 21. c4 b5 22. c5 Kg7 23. Ng3 h5 24. Qc2 b4 25.
Rxd8 Rxd8 26. Rd1 a5 27. h3 Be7 28. Rxd8 Qxd8 29. c6 Qc7 30. Qe4 f5 31. Qf3 e4 32.
Nxh5+ gxh5 33. Qxh5 Qxc6 34. Bh6+ Kf6 35. Qg5+ Kf7 36. Qh5+ Kf6 37. Qg5+ Kf7 38. Qh5+ Kf6 1/2-1/2

[Event "Late-Titled-Tuesday-Blitz-May-28-2024"]
[Site "Chess.com"]
[Date "2024.05.28"]
[Round "9"]
[White "ChessLebaneseSalah"]
[Black "cassoulet"]
[Result "0-1"]
[WhiteElo "2567"]
[BlackElo "2726"]
[TimeControl "180+1"]
[EndTime "15:43:55 PDT"]
[Termination "cassoulet won by checkmate"]

1. e4 c5 2. Nf3 e6 3. Nc3 Nc6 4. d4 cxd4 5. Nxd4 Nf6 6. Nxc6 bxc6 7. e5 Nd5 8. Ne4 Bb7 9. c4 Nb4 10. f4 c5 11. Bd3 Qh4+ 12. g3 Nxd3+ 13. Qxd3 Qh3 14.
Be3 Qf5 15. O-O-O Rd8 16. Nd6+ Bxd6 17. Qxd6 f6 18. Bxc5 Kf7 19. Rhe1 Rhe8 20. exf6 gxf6 21. b3 a6 22. Bb6 Bc6 23. Bxd8 Rxd8 24. Qd3 Qh5 25.
Kb2 a5 26. a4 Rb8 27. Ka2 Rb7 28. f5 e5 29. Rd2 Qg4 30. Qd6 Qxf5 31. Qd3 e4 32.
Qf1 Qe5 33. Rde2 Qc3 34. Re3 Qd2+ 35. Ka1 Bxa4 36. R1e2 Qd4+ 37. Ka2 Bc6 38. Rf3 exf3 39. Rb2 a4 40. Qh3 axb3+ 41. Rxb3 Qd2+ 42. Ka3 Ra7# 0-1

[Event "Late-Titled-Tuesday-Blitz-May-28-2024"]
[Site "Chess.com"]
[Date "2024.05.28"]
[Round "9"]
[White "vi_pranav"]
[Black "kingofthenil"]
[Result "0-1"]
[WhiteElo "3030"]
[BlackElo "2955"]
[TimeControl "180+1"]
[EndTime "15:43:57 PDT"]
[Termination "kingofthenil won by resignation"]

1. e4 Nc6 2. d4 d5 3. e5 Bf5 4.
c3 e6 5. Ne2 f6 6. f4 g5 7. Ng3 Bg6 8. exf6 gxf4 9. Bxf4 Qxf6 10. Qf3 Bh6 11. Bxh6 Qxf3 12. gxf3 Nxh6 13. Nd2 e5 14.
dxe5 O-O 15. Bh3 Nxe5 16. O-O c6 17. f4 Nd3 18. f5 Be8 19. Rf3 Ne5 20. Re3 Neg4 21.
Re7 Rf7 22. Rae1 Kf8 23. R7e2 Bd7 24. Nf3 Nxf5 25. Ng5 Rg7 26. Bxg4 Nxg3 27. Rf2+ Kg8 28. Bxd7 Ne4 29. Be6+ Kh8 30. Rxe4 dxe4 31. Rg2 Rf8 32. Nxe4 Re7 33. Nc5 b6 34. Nd7 Rd8 35. Ne5 Rd1+ 36. Kf2 Rd2+ 0-1

[Event "Late-Titled-Tuesday-Blitz-May-28-2024"]
[Site "Chess.com"]
[Date "2024.05.28"]
[Round "9"]
[White "Lennis93"]
[Black "HowTo2Draw"]
[Result "1-0"]
[WhiteElo "2772"]
[BlackElo "2602"]
[TimeControl "180+1"]
[EndTime "15:43:57 PDT"]
[Termination "Lennis93 won by resignation"]

1. d4 f5 2. Nf3 Nf6 3. c4 g6 4. Nc3 Bg7 5. g3 O-O 6. Bg2 d6 7. O-O c6 8. Qb3 Kh8 9. d5 c5 10. e4 fxe4 11. Ng5 b5 12. cxb5 Qb6 13. a4 Qb7 14. a5 Bf5 15. h3 h5 16. a6 Qc8 17. Ncxe4 Nxe4 18. Nxe4 Bxh3 19. Bxh3 Qxh3 20. Ng5 Qf5 21. Ne6 Nd7 22. Bf4 Nb6 23. Rad1 Rf7 24.
Rfe1 Rc8 25. Kg2 Bf6 26. Re2 g5 27. Bc1 Rh7 28. Qf3 Qg6 29. Qe4 Qxe4+ 30. Rxe4 Kg8 31. Nxg5 Bxg5 32. Bxg5 Kf8 33. b3 c4 34. bxc4 Rxc4 35. Rxc4 Nxc4 36. Rd4 Nb6 37. Be3 e5 38. dxe6 Ke7 39. Re4 d5 40. Bc5+ Ke8 41. Rf4 Rh8 42. Bxb6 axb6 43. Rf7 d4 44. a7 1-0

[Event "Late-Titled-Tuesday-Blitz-May-28-2024"]
[Site "Chess.com"]
[Date "2024.05.28"]
[Round "9"]
[White "rasmussvane"]
[Black "Alphafischer2019"]
[Result "1-0"]
[WhiteElo "2921"]
[BlackElo "2657"]
[TimeControl "180+1"]
[EndTime "15:43:58 PDT"]
[Termination "rasmussvane won by checkmate"]

1. Nf3 Nf6 2. g3 b6 3. Bg2 Bb7 4. O-O g6 5. d4 Bg7 6. c4 O-O 7. Re1 d6 8. Qc2 c5 9. d5 b5 10. e4 bxc4 11. Na3 Na6 12. Nxc4 Nb4 13. Qe2 Rb8 14. a3 Na6 15. Bd2 Bc8 16. Bc3 Nc7 17. a4 Ba6 18. Nfd2 Re8 19. Qd1 Qd7 20. Qc2 e6 21. dxe6 Nxe6 22. e5 dxe5 23. Nxe5 Qc7 24. Nc6 Rb6 25. Ba5 Bb7 26. Bxb6 Qxb6 27. a5 Qc7 28. Qa4 Rc8 29. Ne5 Bxg2 30. Kxg2 Nd5 31.
Ndf3 Nb4 32. Rad1 Qb7 33. Rd7 Rc7 34. Rxc7 Qxc7 35. Qe8+ Bf8 36. Nd7 Nd5 37. Rxe6 Nf4+ 38.
gxf4 Qxf4 39. Qxf8# 1-0

[Event "Late-Titled-Tuesday-Blitz-May-28-2024"]
[Site "Chess.com"]
[Date "2024.05.28"]
[Round "9"]
[White "stollenmonster"]
[Black "ansko1999"]
[Result "0-1"]
[WhiteElo "2824"]
[BlackElo "2623"]
[TimeControl "180+1"]
[EndTime "15:43:58 PDT"]
[Termination "ansko1999 won by resignation"]

1. e4 c5 2. Nf3 Nf6 3. Nc3 d5 4. exd5 Nxd5 5. Bb5+ Bd7 6. Qe2 Nxc3 7. dxc3 e6 8. Ne5 Qc7 9. Bf4 Bd6 10. O-O-O Bxe5 11. Bxe5 Bxb5 12. Qxb5+ Qc6 13. Qd3 O-O 14. h4 c4 15.
Qg3 f6 16. Bd6 Rd8 17. Be7 Rxd1+ 18. Rxd1 Nd7 19. Rd6 Qc7 20. Qf4 Re8 21. Qd4 Rxe7 22. b3 cxb3 23. axb3 b6 24. b4 Ne5 25. f4 Nf7 0-1

[Event "Late-Titled-Tuesday-Blitz-May-28-2024"]
[Site "Chess.com"]
[Date "2024.05.28"]
[Round "9"]
[White "AldokhinIvan"]
[Black "Magicmaster17"]
[Result "0-1"]
[WhiteElo "2641"]
[BlackElo "2872"]
[TimeControl "180+1"]
[EndTime "15:43:59 PDT"]
[Termination "Magicmaster17 won on time"]

1. e4 e5 2. Nf3 Nc6 3. Bb5 a6 4. Ba4 Bc5 5. Nxe5 Nxe5 6. d4 Bxd4 7. Qxd4 Qf6 8. Qd1 Ne7 9. O-O b5 10. Bb3 Bb7 11. f4 Nc4 12. Bxc4 bxc4 13. Nc3 d5 14. e5 Qb6+ 15. Kh1 d4 16. Ne2 O-O-O 17.
f5 h5 18. Nf4 Nxf5 19. Qe2 h4 20. Nh3 d3 21. Qg4 g6 22. cxd3 Rxd3 23. Bf4 Rhd8 24. Rac1 Qxb2 25. Rxc4 Rd2 26. Bxd2 Rxd2 27. Nf4 Kb8 28.
Qh3 Rf2 29. Rg1 Qxe5 30. Qb3 Rxf4 31. Rb1 Nd6 0-1

[Event "Late-Titled-Tuesday-Blitz-May-28-2024"]
[Site "Chess.com"]
[Date "2024.05.28"]
[Round "9"]
[White "JanMur7"]
[Black "WPWPWP-2015"]
[Result "0-1"]
[WhiteElo "2300"]
[BlackElo "2507"]
[TimeControl "180+1"]
[EndTime "15:44:00 PDT"]
[Termination "WPWPWP-2015 won by resignation"]

1. c4 c5 2. Nc3 e5 3. g3 f5 4. Bg2 Nf6 5. e3 Nc6 6. Nge2 Be7 7. d4 d6 8. dxc5 dxc5 9. Qxd8+ Bxd8 10. b3 O-O 11. Ba3 Be7 12. Nd5 Nxd5 13. cxd5 Nb4 14. Bxb4 cxb4 15. O-O Bd7 16. Rac1 Bd6 17. f4 Bb5 18.
Rfe1 Bxe2 19. Rxe2 e4 20. Rec2 a5 21. Bf1 a4 22.
Bb5 axb3 23. axb3 Kf7 24. Bd7 Kf6 25. g4 g6 26. g5+ Ke7 27. Ba4 h6 28. h4 Rh8 29.
Kg2 hxg5 30. hxg5 Ra5 31. Rd1 b5 32. Bxb5 Rxb5 33. Ra2 Rb7 34. Rc1 Kf7 35. Rc6 Rd8 36. Raa6 Rbd7 37. Rab6 Ke7 38. Ra6 Rh8 39. Ra5 Rb8 40.
Raa6 Rb5 41. Ra8 Rxd5 42. Rg8 Kf7 43. Rcc8 Be7 44. Rh8 Rd8 45. Rh7+ Ke6 46. Rc6+ R5d6 47. Rc7 R8d7 48. Rc5 Rd2+ 49. Kg3 R7d3 50. Rh6 Rxe3+ 51. Kh4 0-1

[Event "Late-Titled-Tuesday-Blitz-May-28-2024"]
[Site "Chess.com"]
[Date "2024.05.28"]
[Round "9"]
[White "Iuckyducky"]
[Black "Hirna2005"]
[Result "1-0"]
[WhiteElo "2253"]
[BlackElo "2327"]
[TimeControl "180+1"]
[EndTime "15:44:00 PDT"]
[Termination "Iuckyducky won by resignation"]

1. d4 g6 2. c4 Bg7 3. Nc3 d6 4. g3 Nc6 5. Bg2 Nxd4 6. e3 Nc6 7. Nge2 e5 8. O-O Nge7 9. Nd5 O-O 10. Nec3 Be6 11. a3 Qd7 12. Re1 Rac8 13. b4 Bg4 14.
Qc2 Nxd5 15. Nxd5 Ne7 16. Nxe7+ Qxe7 17. Bxb7 Rb8 18. Bg2 e4 19. Bb2 Bxb2 20. Qxb2 Bd7 21. Rad1 f5 22. Qd4 a6 23. c5 Ba4 24. Rc1 Rfd8 25. Bf1 Bb5 26. Bc4+ d5 27. Bxd5+ Rxd5 28. Qxd5+ Kg7 29. Qd4+ Kh6 30. Rc2 Bd3 31. Rd2 Rd8 32. Qc3 Qe6 33. h3 f4 34. Kh2 fxe3 35. Rxe3 Rf8 36. Qxd3 exd3 37. Rxe6 Rf3 38. Re3 Rf5 39.
Rexd3 Kg7 40. Kg2 Kf6 41. Rd7 h5 42. Rxc7 Re5 43. Rd6+ Kg5 44. Rf7 Re2 45. Kf3 Ra2 46. h4+ Kh6 47. Rff6 Rxa3+ 48. Kg2 Rb3 49. Rxg6+ Kh7 50.
Rh6+ Kg7 51. Rhg6+ Kf7 52. Rh6 Rxb4 53. Rd7+ Ke8 54.
Ra7 Rb7 55. Rxb7 1-0

[Event "Late-Titled-Tuesday-Blitz-May-28-2024"]
[Site "Chess.com"]
[Date "2024.05.28"]
[Round "9"]
[White "amintabatabaei"]
[Black "Genghis_K"]
[Result "1-0"]
[WhiteElo "3056"]
[BlackElo "2942"]
[TimeControl "180+1"]
[EndTime "15:44:01 PDT"]
[Termination "amintabatabaei won by resignation"]

1. d4 Nf6 2. Nf3 d5 3. c3 e6 4. Bf4 c5 5. e3 Bd6 6. Bb5+ Nc6 7. Bxc6+ bxc6 8. Bxd6 Qxd6 9. Qa4 O-O 10. O-O cxd4 11.
cxd4 c5 12. Qa3 Ne4 13. Nc3 cxd4 14. Qxd6 Nxd6 15. exd4 Bd7 16. Ne5 Rfd8 17. Rac1 Be8 18. g4 f6 19. Nd3 Rab8 20. Rfe1 Ne4 21. f3 Nd2 22. Re3 Bg6 23. b3 e5 24. Ne2 Rbc8 25.
Rxc8 Rxc8 26. dxe5 d4 27. Nxd4 Rd8 28. Nf5 Bxf5 29. gxf5 fxe5 30. Nxe5 Rf8 31. Rd3 Nb1 32. Kf2 a5 33. Nc6 Kf7 34. Nxa5 Rc8 35. Nc4 Kf6 36. Ke2 Ra8 37. a4 Kxf5 38. Kd1 Rc8 39. Kc2 Na3+ 40. Kc3 Nxc4 41. bxc4 Ra8 42. Kb4 Rb8+ 43. Ka3 Rc8 44. Rc3 Ke5 45. c5 Kd4 46. Rc1 Rxc5 47. Rxc5 Kxc5 48.
Kb3 g5 49. Kc3 h5 50. h3 Kd5 51. Kd3 Ke5 52. a5 1-0

[Event "Late-Titled-Tuesday-Blitz-May-28-2024"]
[Site "Chess.com"]
[Date "2024.05.28"]
[Round "9"]
[White "Redzishchess"]
[Black "CristhianPortalR"]
[Result "1-0"]
[WhiteElo "2471"]
[BlackElo "2536"]
[TimeControl "180+1"]
[EndTime "15:44:02 PDT"]
[Termination "Redzishchess won by checkmate"]

1. d4 d5 2. c4 c6 3. Nf3 Nf6 4. Nbd2 Bf5 5. Nh4 Bc8 6. g3 dxc4 7. Nhf3 b5 8. Bg2 Bb7 9. O-O e6 10. Qc2 Nbd7 11. a4 a6 12. e4 Be7 13. e5 Nd5 14. Ne4 Nb4 15. Qe2 Nb6 16. Bg5 O-O 17. Bxe7 Qxe7 18. h4 N6d5 19. h5 h6 20. Rad1 Rad8 21.
Nh4 Na2 22. f4 c3 23. f5 exf5 24. Nxf5 Qe6 25. Qg4 Kh7 26. Qxg7# 1-0

[Event "Late-Titled-Tuesday-Blitz-May-28-2024"]
[Site "Chess.com"]
[Date "2024.05.28"]
[Round "9"]
[White "Alina_Gumerovna"]
[Black "neilbhav"]
[Result "0-1"]
[WhiteElo "2191"]
[BlackElo "2406"]
[TimeControl "180+1"]
[EndTime "15:44:03 PDT"]
[Termination "neilbhav won by resignation"]

1. e4 e5 2. Nf3 Nc6 3. Bb5 a6 4. O-O axb5 5. c3 Nf6 6. d4 d6 7.
d5 Ne7 8. Re1 Bd7 9. h3 Ng6 10.
b4 Be7 11. a3 O-O 12. Be3 c6 13. Qd2 Nxe4 14. Qc2 f5 15. dxc6 bxc6 16. Nbd2 d5 17.
a4 Nxd2 18. Nxd2 f4 19. Bc5 Bxc5 20. bxc5 Bf5 21. Qb3 bxa4 22. Rxa4 Rxa4 23. Qxa4 Qa8 24. Qd1 Bd3 25. h4 e4 26. h5 Ne5 27. h6 gxh6 28. Qh5 Qe8 29. Qxh6 Qg6 30. Qh3 f3 31. g3 Qf5 32. Qh6 Rf6 33. Qh4 Ng6 34. Qh6 Ne5 35. Qh4 h6 36. Ra1 Qg5 37. Ra8+ Rf8 38. Rxf8+ Kxf8 39.
Qh3 Qxd2 40. Qxh6+ Qxh6 0-1

[Event "Late-Titled-Tuesday-Blitz-May-28-2024"]
[Site "Chess.com"]
[Date "2024.05.28"]
[Round "9"]
[White "NajdorfPlayerc5"]
[Black "swayamsm"]
[Result "0-1"]
[WhiteElo "2452"]
[BlackElo "2576"]
[TimeControl "180+1"]
[EndTime "15:44:05 PDT"]
[Termination "swayamsm won on time"]

1. e4 e5 2. Nf3 Nc6 3. Bb5 a6 4. Ba4 Nf6 5. O-O Be7 6. Re1 b5 7. Bb3 O-O 8. a4 Bb7 9. Nc3 b4 10.
Nd5 Na5 11. Nxf6+ Bxf6 12. c3 bxc3 13. bxc3 Nxb3 14. Qxb3 Rb8 15. Qc2 d5 16. d3 Re8 17.
Ba3 Qd7 18. Rab1 dxe4 19. dxe4 Bc6 20. a5 Rxb1 21. Rxb1 h5 22. h3 Rd8 23. Qe2 Qd3 24.
Qxd3 Rxd3 25. Rb8+ Kh7 26. Rc8 Bxe4 27. Rxc7 Kg6 28.
Bb4 Bd5 29. Ra7 e4 30. Nd4 Rd1+ 31. Kh2 e3 32. f4 Bc4 33. Rc7 e2 34. Nf3 Bd5 35. c4 Bxf3 36. gxf3 e1=Q 37. Bxe1 Rxe1 38. Rc6 Rc1 39. Rxa6 Rxc4 40. Ra8 Rxf4 41. a6 Rxf3 42. Kg2 Ra3 43. Kf2 Rxh3 44. Kg2 Ra3 0-1

[Event "Late-Titled-Tuesday-Blitz-May-28-2024"]
[Site "Chess.com"]
[Date "2024.05.28"]
[Round "9"]
[White "MaxLeto"]
[Black "shirovin"]
[Result "1-0"]
[WhiteElo "2394"]
[BlackElo "2118"]
[TimeControl "180+1"]
[EndTime "15:44:05 PDT"]
[Termination "MaxLeto won on time"]

1. g4 d5 2. Bg2 c6 3. h3 h5 4. g5 e5 5. d4 e4 6. c4 Ne7 7.
Nc3 Be6 8. Qb3 Qb6 9. c5 Qxb3 10. axb3 Nd7 11. h4 g6 12. Bf4 Nf5 13. e3 Bg7 14. b4 a6 15. b5 O-O 16. bxc6 bxc6 17. Nge2 Ra7 18. Kd2 Rb7 19. Kc2 Nb8 20. Ra3 f6 21. Ng3 Nxg3 22. fxg3 fxg5 23. hxg5 Rff7 24. Bf1 Rf8 25.
Bxa6 Rb4 26. Be2 Rc8 27. Rha1 Nd7 28. Ra8 Rxa8 29. Rxa8+ Kf7 30. Rc8 Nb8 31. Rxb8 Rxb8 32. Bxb8 Bf8 33. b4 Be7 34. Kb3 Bxg5 35. Bf4 Bf6 36. Ka4 Bd7 37. Ka5 Bd8+ 38. Ka6 Ke6 39. Kb7 1-0

[Event "Late-Titled-Tuesday-Blitz-May-28-2024"]
[Site "Chess.com"]
[Date "2024.05.28"]
[Round "9"]
[White "RantomOpening"]
[Black "NikitaShnadrygin"]
[Result "0-1"]
[WhiteElo "2578"]
[BlackElo "2734"]
[TimeControl "180+1"]
[EndTime "15:44:10 PDT"]
[Termination "NikitaShnadrygin won on time"]

1. c4 Nf6 2. Nf3 g6 3. Nc3 d5 4. cxd5 Nxd5 5. e4 Nxc3 6. bxc3 Bg7 7. d4 c5 8. Bb5+ Bd7 9. Bxd7+ Qxd7 10. O-O O-O 11.
Be3 Nc6 12. Rb1 Rac8 13. d5 Na5 14. Qd3 c4 15. Qd2 b6 16. Bh6 Nb7 17. Bxg7 Kxg7 18. Qd4+ f6 19. e5 Rc5 20. Rbd1 Rd8 21. exf6+ exf6 22.
Rde1 Rxd5 23. Qxc4 Rc8 24. Qb4 Nd6 25. Nd4 Kf7 26.
Qb3 Nc4 27. Ne6 Nd2 28. Qc2 Nxf1 29. Nf4 Nd2 30. Nxd5 Qxd5 31. Rd1 Rd8 32. Kh1 Qd3 33. Qb2 Qe2 34. Qc2 Qxf2 35. h3 Kg7 36. a4 Ne4 37. Qxf2 Nxf2+ 0-1

[Event "Late-Titled-Tuesday-Blitz-May-28-2024"]
[Site "Chess.com"]
[Date "2024.05.28"]
[Round "9"]
[White "TheAlienParty"]
[Black "manitodeplomo"]
[Result "1/2-1/2"]
[WhiteElo "2395"]
[BlackElo "2529"]
[TimeControl "180+1"]
[EndTime "15:44:10 PDT"]
[Termination "Game drawn - insufficient material"]

1. c4 g6 2. Nc3 Bg7 3. g3 e5 4. Bg2 Ne7 5. e3 O-O 6. Nge2 c6 7. d4 d6 8. O-O Nd7 9. b3 Re8 10. Bb2 exd4 11. Nxd4 Nc5 12. Qc2 Nf5 13. Nce2 a5 14. Rad1 h5 15. e4 Nxd4 16. Nxd4 h4 17. a3 hxg3 18. hxg3 Qb6 19. Rd2 Bg4 20. Rb1 Re7 21.
Bc3 Rae8 22. f3 Bc8 23. b4 axb4 24. axb4 Ne6 25. Qb2 f5 26. exf5 Nxd4 27. Bxd4 Bxd4+ 28. Qxd4 Qxd4+ 29. Rxd4 Bxf5 30. Rb2 Re1+ 31. Kh2 Rc1 32.
g4 Be6 33. Rxd6 Rxc4 34. b5 c5 35. b6 Rd4 36. Rd2 Rxd2 37. Rxd2 Kf7 38. Kg3 Ke7 39. f4 c4 40. Bxb7 Rb8 41. Bd5 Rxb6 42. Bxe6 Rxe6 43. Kh4 Rc6 44. Kg5 c3 45. Rc2 Kf7 46. f5 gxf5 47.
gxf5 Rc5 48. Kf4 Kf6 49. Ke4 Rxf5 50. Rxc3 Re5+ 51. Kd4 Rf5 52. Rc5 Rxc5 53. Kxc5 1/2-1/2

[Event "Late-Titled-Tuesday-Blitz-May-28-2024"]
[Site "Chess.com"]
[Date "2024.05.28"]
[Round "9"]
[White "LUISMIGUELOV"]
[Black "OIAM03"]
[Result "1/2-1/2"]
[WhiteElo "2219"]
[BlackElo "2039"]
[TimeControl "180+1"]
[EndTime "15:44:10 PDT"]
[Termination "Game drawn by repetition"]

1. d4 Nf6 2. c3 g6 3. Bg5 Bg7 4. Nd2 d5 5. e3 O-O 6. Bd3 c5 7. Ngf3 Nc6 8. O-O Re8 9. Ne5 Nxe5 10. dxe5 Ng4 11. Bb5 Bd7 12. Bxd7 Qxd7 13. Nf3 Nxe5 14. Nxe5 Bxe5 15. Qd3 e6 16. Rad1 Qc6 17. Bh6 Bf6 18.
g3 Rad8 19. h4 e5 20. h5 e4 21. Qe2 Be5 22. hxg6 Qxg6 23. Bf4 Bxf4 24. exf4 d4 25.
Rfe1 e3 26. Qf3 exf2+ 27. Qxf2 dxc3 28. Rxe8+ Rxe8 29. bxc3 Qf6 30. Qxc5 Qg6 31. Qf2 Qc6 32. Re1 Rc8 33. Re3 Qc4 34. Qd2 Qc5 35. Kg2 Qc6+ 36. Kf2 Qc5 37. Kg2 Qc6+ 38. Kf1 Qc4+ 39. Kf2 Qc5 40. Qd4 Qa3 41. Qd2 Qc5 1/2-1/2

[Event "Late-Titled-Tuesday-Blitz-May-28-2024"]
[Site "Chess.com"]
[Date "2024.05.28"]
[Round "9"]
[White "Dolphin_2010"]
[Black "AlexeiShirov"]
[Result "0-1"]
[WhiteElo "2757"]
[BlackElo "2919"]
[TimeControl "180+1"]
[EndTime "15:44:11 PDT"]
[Termination "AlexeiShirov won by resignation"]

1. d4 d5 2. c4 c6 3. Nc3 Nf6 4. cxd5 cxd5 5. Bf4 Nc6 6. e3 a6 7. Bd3 Bg4 8. Nf3 e6 9. h3 Bxf3 10. Qxf3 Bd6 11. Bxd6 Qxd6 12. O-O O-O 13. Rac1 b5 14.
Ne2 Rac8 15. Bb1 Na5 16. Nf4 Nc4 17. Qe2 e5 18. dxe5 Qxe5 19. b3 Nd6 20. Qd3 Nde4 21.
Nxd5 Nxd5 22. Qxe4 Qxe4 23. Bxe4 Nc3 24. Bf3 Nxa2 25.
Rxc8 Rxc8 26. Bb7 Rb8 27. Rd1 Nc3 28. Rd7 a5 29. Bd5 Nxd5 30. Rxd5 g6 31. Rd6 Ra8 32.
Rd5 a4 33. bxa4 bxa4 34. Rd2 a3 35.
Ra2 Kg7 36. Kf1 Kf6 37. Ke2 Ke5 38. Kd3 f5 39. Kc4 Ke4 40. Kc3 h5 41. h4 f4 42.
exf4 Kxf4 43. Kd4 Kg4 44. Ke4 Ra4+ 45. Ke5 Kxh4 46. Kf6 Ra6+ 47. Ke5 Kg4 48. Ke4 h4 49. Ke5 g5 50. Ke4 Ra5 51. Ke3 Kf5 52. Kf3 g4+ 53. Ke3 Ra4 54. f3 g3 55. Ra1 a2 56. f4 Ra3+ 57. Kd4 Kxf4 58. Rxa2 Rxa2 0-1

[Event "Late-Titled-Tuesday-Blitz-May-28-2024"]
[Site "Chess.com"]
[Date "2024.05.28"]
[Round "9"]
[White "dawid498"]
[Black "BogdanDeac"]
[Result "0-1"]
[WhiteElo "2671"]
[BlackElo "3059"]
[TimeControl "180+1"]
[EndTime "15:44:12 PDT"]
[Termination "BogdanDeac won by resignation"]

1. e4 c5 2. Nf3 d6 3. Nc3 a6 4.
d4 cxd4 5. Nxd4 Nf6 6. Bc4 e6 7. Bb3 Nbd7 8. O-O Nc5 9. Qe2 Be7 10. f4 O-O 11. Kh1 Qc7 12. e5 Nfd7 13. exd6 Bxd6 14. f5 e5 15. Nf3 Nxb3 16. axb3 f6 17. Ne4 b5 18. c4 Bb7 19. Bd2 Be7 20. Ba5 Qc6 21.
Nfd2 Nc5 22. Rfe1 Nxe4 23. Nxe4 Rac8 24. Rac1 bxc4 25. Qxc4+ Qd5 26. Qxd5+ Bxd5 27. Nc3 Bxb3 28. Kg1 Bc5+ 29. Kf1 Bc4+ 30. Ne2 Bd3 31. Red1 Bxf5 32. Ke1 Be3 33. Rxc8 Rxc8 34. Bc3 Bc5 35. Ng3 Bg6 36. Ra1 Bd3 37. Kd2 Rd8 38. Ke1 Kf7 39. Ne2 h5 40. Nc1 Bb5 41. Ne2 h4 42. Nc1 h3 43. gxh3 Rh8 44.
Nb3 Ba7 45. Nd2 Rxh3 46. Ne4 Ke6 47. Nf2 Rxh2 0-1

[Event "Late-Titled-Tuesday-Blitz-May-28-2024"]
[Site "Chess.com"]
[Date "2024.05.28"]
[Round "9"]
[White "ckgchess"]
[Black "Statham_01"]
[Result "1-0"]
[WhiteElo "2882"]
[BlackElo "2702"]
[TimeControl "180+1"]
[EndTime "15:44:14 PDT"]
[Termination "ckgchess won on time"]

1. e4 e5 2. Nf3 Nf6 3. Bc4 Nxe4 4.
Nc3 Nxc3 5. dxc3 f6 6. Nh4 g6 7. f4 Qe7 8. f5 Qg7 9. O-O g5 10.
Qh5+ Kd8 11. Nf3 h6 12. Be3 c6 13. Rad1 d5 14. Bb3 Kc7 15. Kh1 Bd6 16. Bg1 Nd7 17. c4 d4 18. c3 c5 19. Bc2 b6 20. b4 Bb7 21. bxc5 bxc5 22. Rb1 Rab8 23. cxd4 exd4 24. Ba4 Ne5 25. Nd2 Qf7 26. Qh3 h5 27. Bc2 h4 28. Qa3 h3 29. Qa5+ Kc8 30. Be4 hxg2+ 31.
Kxg2 Bxe4+ 32. Nxe4 Bc7 33. Qxc5 1-0